[Event "*** Titled Tuesday Blitz"]
[Site "Chess.com"]
[Date "2019.06.04"]
[Round "1"]
[White "bait_or_mate"]
[Black "platy3"]
[Result "1/2-1/2"]
[WhiteElo "2448"]
[BlackElo "2814"]
[TimeControl "180+2"]
[EndTime "13:10:18 PDT"]
[Termination "Game drawn - insufficient material"]

1. d4 Nf6 2. c4 e6 3. Nc3 Bb4 4. Qc2 d5 5. cxd5 Qxd5 6. Nf3 Qf5 7. Qxf5 exf5 8. Bd2 c6 9. e3 O-O 10. Bd3 g6 11. a3 Bd6 12. O-O Nbd7 13. Rac1 Nb6 14. Rfd1 Be6 15. Be1 Rfd8 16. Ne2 a5 17.
Nd2 a4 18. Nc4 Nxc4 19. Bxc4 Bxc4 20. Rxc4 Nd5 21. Rc2 Re8 22. Nc3 Nf6 23. d5 Be5 24. dxc6 bxc6 25. Na2 c5 26. Bc3 Bxc3 27. Nxc3 Reb8 28.
Rd6 Kg7 29. Rc6 Rd8 30. Kf1 Ra5 31. Ke2 Ng4 32. Nd1 Rd5 33. Rc7 Ne5 34. f3 h5 35.
Nf2 Rb5 36. e4 fxe4 37. fxe4 Rd4 38. R7xc5 Rxc5 39. Rxc5 Nc4 40. Rd5 Rxd5 41. exd5 Nxb2 42. Ne4 Kf8 43. Nc3 Ke7 44. Ke3 Nc4+ 45. Kd4 Nxa3 46. Nxa4 Kd6 47. Nc3 Nc2+ 48. Ke4 Nb4 49. h4 Na6 50.
Kd4 f6 51. Ne4+ Ke7 52. Kc4 Nb8 53. Nc5 Kd6 54. Kd4 Ke7 55. g3 Kd6 56. Ne4+ Ke7 57.
Kc5 Nd7+ 58. Kc6 Ne5+ 59. Kc7 g5 60. d6+ Ke6 61. hxg5 fxg5 62. Nxg5+ Kf5 63. Nh3 Kg4 64. Nf4 h4 65. gxh4 Kxf4 66. h5 Kg5 67. d7 Nxd7 68.
Kxd7 Kxh5 1/2-1/2

[Event "*** Titled Tuesday Blitz"]
[Site "Chess.com"]
[Date "2019.06.04"]
[Round "1"]
[White "Caterpiller35"]
[Black "DrMelekess"]
[Result "0-1"]
[WhiteElo "2395"]
[BlackElo "2749"]
[TimeControl "180+2"]
[EndTime "13:10:21 PDT"]
[Termination "DrMelekess won on time"]

1. d4 d5 2. Bf4 Nf6 3. e3 e6 4. Nd2 c5 5. c3 Bd6 6. Bg3 O-O 7.
Ngf3 Qc7 8. Bd3 Nbd7 9. e4 e5 10. dxe5 Nxe5 11. Nxe5 Bxe5 12. O-O Bxg3 13. hxg3 Bg4 14.
Qa4 Rad8 15. exd5 Rxd5 16. Ne4 Nd7 17. Bc2 Rh5 18. f3 Be6 19. g4 Rh6 20. Kf2 c4 21.
Qb4 Bd5 22. Rh1 Rxh1 23. Rxh1 h6 24. g5 Bxe4 25. Bxe4 Nc5 26. Qxc4 b5 27. Qe2 Nxe4+ 28. Qxe4 Qc5+ 29. Qd4 Qxg5 30. Rh4 Qf5 31. Rg4 g6 32. Qe4 Qc5+ 33. Qd4 Qc7 34. Qd5 Kg7 35. Qd4+ Kh7 36. Rf4 Kg8 37. Rg4 Rd8 38. Qe3 Qd6 39. Qxh6 Qc5+ 40. Kg3 Qe5+ 41. Qf4 Qe1+ 42. Kh2 Rd1 43.
Qb8+ Kg7 44. Qxa7 Qh1+ 45. Kg3 Qe1+ 46. Kh2 Qe5+ 47. f4 Qh5+ 48. Kg3 Rd3+ 0-1

[Event "*** Titled Tuesday Blitz"]
[Site "Chess.com"]
[Date "2019.06.04"]
[Round "1"]
[White "mikhaillushenkov"]
[Black "MFBerna"]
[Result "1-0"]
[WhiteElo "2725"]
[BlackElo "2371"]
[TimeControl "180+2"]
[EndTime "13:10:22 PDT"]
[Termination "mikhaillushenkov won by resignation"]

1. Nf3 d5 2. d4 Nf6 3. c4 e6 4. Nc3 Be7 5. Qc2 O-O 6. e4 dxe4 7. Nxe4 Bb4+ 8. Nc3 b6 9. Bg5 Bb7 10.
O-O-O h6 11. Bh4 Be7 12. Ne5 Nfd7 13. Bg3 Nxe5 14. dxe5 Qc8 15. Bd3 Na6 16. Ne4 Nb4 17. Qb3 a5 18. Bb1 a4 19. Qe3 a3 20. b3 Rd8 21. h4 Rxd1+ 22. Rxd1 Bc6 23. f3 Qb7 24. Nc3 Rd8 25. Rxd8+ Bxd8 26. Qd2 Be7 27. Nb5 Bxf3 28. gxf3 Qxf3 29. Be1 Qg4 30. Nxc7 Nc6 31. Qd3 g6 32. Bc3 Qf4+ 33. Kc2 Bxh4 34. Nb5 Bg5 35. b4 Qc1+ 36. Kb3 Qg1 37. Bc2 Qc1 38. Nd6 Kg7 39. Ne8+ Kf8 40. Nf6 Kg7 41. Ne4 Be7 42. c5 bxc5 43. bxc5 Qg1 44. Nd6 h5 45. Qc4 h4 46. Kxa3 h3 47. Be4 h2 48. Bxc6 h1=Q 49. Bxh1 Qxh1 50. Kb3 Qb1+ 51.
Bb2 Qd1+ 52. Kb4 Qe1+ 53. Bc3 Qb1+ 54. Qb3 Qd3 55. a4 Qe3 56. a5 Qf4+ 57. Qc4 Qc1 58. a6 Qb1+ 59. Ka4 Qc2+ 60. Kb5 Qb1+ 61. Kc6 Qh1+ 62.
Kd7 Bf8 63. c6 g5 64. a7 1-0

[Event "*** Titled Tuesday Blitz"]
[Site "Chess.com"]
[Date "2019.06.04"]
[Round "1"]
[White "Yaacovn"]
[Black "marianokar"]
[Result "1-0"]
[WhiteElo "2819"]
[BlackElo "2430"]
[TimeControl "180+2"]
[EndTime "13:10:24 PDT"]
[Termination "Yaacovn won by resignation"]

1. d4 Nf6 2. Nf3 e6 3. e3 c5 4.
Bd3 b6 5. O-O Bb7 6. Nbd2 Be7 7.
c3 O-O 8. e4 cxd4 9. cxd4 d6 10. a3 Nbd7 11. b4 Rc8 12. Bb2 Qc7 13. Qe2 Qb8 14. Rfc1 Rxc1+ 15. Rxc1 Rc8 16. Re1 g6 17. h3 Qa8 18. Qe3 d5 19. e5 Ne4 20. Rc1 Rxc1+ 21. Bxc1 Qc8 22. Bb2 Nxd2 23. Qxd2 Ba6 24. b5 Bb7 25. a4 a5 26. g4 f6 27. exf6 Bxf6 28. Qf4 Qb8 29. Qe3 Qd6 30. Kg2 Bc8 31. Bb1 Nf8 32.
Ne5 Qb4 33. Qc3 Qxc3 34. Bxc3 Nd7 35. f4 Nxe5 36. dxe5 Be7 37. Kf3 Bc5 38. Ke2 Kf7 39. Kd3 Ke7 40. Bc2 Bd7 41. Bd1 Be8 42. Bf3 Bf7 43. Be1 Kd7 44. Bh4 Kc7 45. Kc3 Kd7 46.
Be2 Be3 47. Bg5 Bf2 48. Kd2 Bc5 49. Bd3 Bd4 50. Ke2 Bc5 51. f5 Bd4 52. fxg6 Bxg6 53. Bxg6 hxg6 54. Bf6 Ke8 55. Kd3 Bf2 56. h4 Kf7 57. h5 gxh5 58. gxh5 Kg8 59. Ke2 Bc5 60. Kf3 Kh7 61. Bg5 Bd4 62. Bf4 Bc5 63. Kg4 Kg7 64. Kg3 Kh7 65. Kf3 Kg7 66. Kg4 Kf7 67. Kg5 Be7+ 68. Kg4 Bc5 69. Bg5 Kg7 70. Bd8 Kh6 71.
Bc7 d4 72. Bd6 d3 73. Bxc5 d2 74. Be3+ Kg7 75. Bxd2 1-0

[Event "*** Titled Tuesday Blitz"]
[Site "Chess.com"]
[Date "2019.06.04"]
[Round "1"]
[White "MagnutssCarleson"]
[Black "Haykos"]
[Result "1-0"]
[WhiteElo "2269"]
[BlackElo "2585"]
[TimeControl "180+2"]
[EndTime "13:10:31 PDT"]
[Termination "MagnutssCarleson won by resignation"]

1. b3 Nf6 2. Bb2 g6 3. Bxf6 exf6 4. c4 Bg7 5. Nc3 O-O 6. e3 f5 7. Nge2 b6 8. d4 Bb7 9. Nf4 d6 10. Be2 Nd7 11. Bf3 Qc8 12. O-O Re8 13. Rc1 Nf6 14. Ncd5 Ne4 15. Bxe4 fxe4 16. b4 c6 17. Nc3 Qd8 18.
a4 Qg5 19. a5 bxa5 20. bxa5 Qxa5 21. Qc2 c5 22. Ra1 Qd8 23. d5 Qe7 24. Rfb1 a5 25.
Ra3 Ba6 26. Nb5 Bxb5 27. Rxb5 Qc7 28. Qa4 Reb8 29. g3 Bb2 30. Rab3 Rxb5 31. Rxb5 Bc3 32.
Qc2 Bb4 33. Qa4 Re8 34. h4 Qe7 35. Rb6 Kg7 36. Qc6 Rd8 37. Rb7 Qf6 38. Ne6+ Kg8 39. Nxd8 Qxd8 40. Rc7 Qf6 41. Qe8+ Kg7 42. Rc8 Kh6 43.
Qf8+ Kh5 44. Qh8 Qxh8 45. Rxh8 a4 46. Ra8 a3 47. Kg2 Kg4 48. Ra7 f5 49. Rxh7 Bc3 50. Ra7 Bb2 51. Ra6 Kh5 52. Kh3 Kh6 53. g4 Kg7 54. h5 fxg4+ 55. Kxg4 gxh5+ 56. Kxh5 Kf7 57. Kg5 Ke7 58. Kf5 Kd7 59. Kxe4 Kc7 60. Kf5 Kb7 61. Ra4 Kc7 62. Ke6 Kb6 63. f4 Bc1 64. f5 Kc7 65. f6 Bb2 66. f7 Bg7 67. Rxa3 Kb6 68. Ra8 Bh6 69. f8=Q Bxf8 70. Rxf8 Ka5 71. Kxd6 Kb4 72.
Rf4 Kc3 73. Kxc5 Kd3 74. d6 1-0

[Event "*** Titled Tuesday Blitz"]
[Site "Chess.com"]
[Date "2019.06.04"]
[Round "1"]
[White "Filip_Covic"]
[Black "Fins0905"]
[Result "1/2-1/2"]
[WhiteElo "2365"]
[BlackElo "2689"]
[TimeControl "180+2"]
[EndTime "13:10:35 PDT"]
[Termination "Game drawn - insufficient material"]

1. d4 d5 2. Nf3 f6 3. c4 c6 4. e3 Bf5 5. Nc3 e6 6. Nh4 Bg6 7. Nxg6 hxg6 8. Qg4 Kf7 9. Bd3 f5 10. Qf3 Nf6 11. h3 Bd6 12. Rg1 Nbd7 13. g4 Qg8 14. Qg2 Qh7 15. Ne2 Bb4+ 16. Bd2 Bxd2+ 17. Kxd2 Ne4+ 18.
Kc2 Qxh3 19. gxf5 Qxg2 20. fxe6+ Kxe6 21. Rxg2 Rh6 22. Nf4+ Kf7 23. cxd5 cxd5 24. Nxd5 Rc8+ 25. Nc3 Ndf6 26. Bxe4 Nxe4 27. Kd3 Nd6 28. e4 Rh3+ 29. Rg3 Rh2 30. Rag1 Rxf2 31. Rxg6 Ne8 32. e5 Rxb2 33. d5 Rf2 34. R6g3 Rf5 35. Re3 g6 36. d6 Ng7 37.
Rh1 Kg8 38. Rh6 Kf7 39. Nd5 Rc5 40. Kd4 Ne6+ 41. Ke4 Rc4+ 42. Kd3 Rd4+ 43. Kc3 Rxd5 44. Rh7+ Kg8 45. Re7 Rfxe5 46. Rxe5 Rxe5 47. d7 Rc5+ 48. Kb4 a5+ 49. Ka4 Rd5 50. Rxe6 Rxd7 51. Rxg6+ Kf7 52. Rb6 Ke7 53. Kxa5 Kd8 54. Rb5 Kc7 55. Rc5+ Kb8 56. Rc2 Rd4 57. a4 Ka7 58. Kb5 Rd5+ 59. Kb4 Ka6 60.
Rc4 Rg5 61. Rf4 b6 62. Rc4 Rg1 63. Rc3 Rb1+ 64. Rb3 Rxb3+ 65. Kxb3 b5 66. axb5+ Kxb5 1/2-1/2

[Event "*** Titled Tuesday Blitz"]
[Site "Chess.com"]
[Date "2019.06.04"]
[Round "1"]
[White "akretchetov"]
[Black "Blitzstream"]
[Result "0-1"]
[WhiteElo "2335"]
[BlackElo "2676"]
[TimeControl "180+2"]
[EndTime "13:10:42 PDT"]
[Termination "Blitzstream won by resignation"]

1. Nf3 Nf6 2. c4 c6 3. d4 d5 4. g3 Bf5 5. Nc3 e6 6. Nh4 Bg4 7.
h3 Bh5 8. g4 Nfd7 9. Ng2 Bg6 10. Nf4 Bd6 11. Nxg6 hxg6 12. Qd3 Na6 13. a3 Qa5 14. Bg2 Nf6 15. f4 Qc7 16. O-O Nb8 17. e4 dxe4 18. Nxe4 Nxe4 19. Qxe4 Nd7 20. b4 a6 21. Bb2 Nf6 22. Qe3 O-O 23. Rae1 b5 24.
c5 Be7 25. f5 Nd5 26. Bxd5 cxd5 27. fxe6 Bh4 28. exf7+ Kh7 29. Rd1 a5 30. Qf4 Rxf7 31. Qxc7 Rxc7 32. Bc3 axb4 33. Bxb4 Re8 34. Rd2 Re3 35.
Kg2 Rg3+ 36. Kh2 Re7 37. Rg2 Rd3 38. g5 Ree3 39. Rg4 Rxh3+ 40. Kg2 Rdg3+ 41. Rxg3 Rxg3+ 42. Kh2 Rxg5 43. c6 Bg3+ 44. Kh3 Bc7 45. Rf7 Bb6 46. Bc5 Ba5 47. Ra7 Bd8 48. Be7 Bxe7 49. Rxe7 Rg1 50. c7 Rc1 51. Kg4 Kh6 52. Kf4 g5+ 53. Ke5 g4 54.
Kxd5 g3 55. Re3 Rxc7 56. Rxg3 g5 57. Kd6 Rc1 58. d5 Kh5 59. Ke7 Kh4 60. Rb3 g4 61. Rxb5 g3 62. Rb8 Re1+ 63. Kd7 Re5 64. Rb1 Rxd5+ 65. Kc6 Ra5 66. Rb3 g2 67. Kb6 Ra8 68. Rb4+ Kh3 69. Rb3+ Kh2 70. Rb2 Rxa3 71. Kc5 Kh1 72. Kd4 g1=Q+ 0-1

[Event "*** Titled Tuesday Blitz"]
[Site "Chess.com"]
[Date "2019.06.04"]
[Round "1"]
[White "Chesska7"]
[Black "Muracle"]
[Result "0-1"]
[WhiteElo "2080"]
[BlackElo "2527"]
[TimeControl "180+2"]
[EndTime "13:10:42 PDT"]
[Termination "Muracle won by resignation"]

1. Nf3 Nf6 2. g3 g6 3. Bg2 Bg7 4. d4 O-O 5. O-O c6 6. c4 d5 7.
Nbd2 Ne4 8. e3 Nd7 9. Nxe4 dxe4 10. Ng5 c5 11. dxc5 Nxc5 12. Nxe4 Nd3 13. Qe2 Ne5 14.
Bd2 Bg4 15. f3 Be6 16. b3 Qd3 17. Qxd3 Nxd3 18. Bc3 Rfd8 19. Bxg7 Kxg7 20. Rfd1 Bf5 21. Nf2 Nb2 22. Rxd8 Rxd8 23. g4 Bc2 24. Kf1 h5 25.
Rc1 Rd2 26. Ra1 Bd3+ 27. Nxd3 Nxd3 28. gxh5 gxh5 29. f4 b6 30. Be4 Nc5 31. Bg2 f5 32. h4 Nd3 33. Kg1 Kf6 34. Bf3 Nb4 35.
Bxh5 Nc2 36. Rd1 Rxd1+ 37. Bxd1 Nxe3 38. Bf3 e5 39. fxe5+ Kxe5 40. Kf2 f4 41. h5 Nf5 42. Ke2 Kd4 43. Bg4 Nh6 44. Kf3 Ke5 45. a3 Nf7 46. Kf2 Ke4 47. Be6 Nh6 48. Bd5+ Kf5 49. Kf3 Kg5 50. b4 Nf5 51. c5 bxc5 52. bxc5 Nh4+ 53. Ke4 f3 54. Ke3 Kg4 55. h6 Nf5+ 56. Kf2 Nxh6 57. Bxf3+ Kf5 58. Ke3 Ke5 59. Kd3 Nf5 60. Kc3 Nd4 61.
Bb7 Ne6 62. Kc4 Nc7 63. a4 Ke6 64. Kd4 Kd7 65. a5 Ne6+ 66. Kd5 Nd8 67. Ba6 Kc7 68. Bf1 Nc6 69. a6 Nb4+ 70. Kc4 Nc2 71. Bd3 Ne3+ 72. Kb5 Nd5 73. Be4 Nc3+ 74. Kc4 Nxe4 75.
Kb5 Kd7 76. Kc4 Kc6 77. Kd4 Nxc5 78. Kc4 Nxa6 0-1

[Event "*** Titled Tuesday Blitz"]
[Site "Chess.com"]
[Date "2019.06.04"]
[Round "1"]
[White "ZaphenathPaneah"]
[Black "ENEASZ"]
[Result "0-1"]
[WhiteElo "1788"]
[BlackElo "2507"]
[TimeControl "180+2"]
[EndTime "13:10:47 PDT"]
[Termination "ENEASZ won by resignation"]

1. e4 g6 2. d4 Bg7 3. c4 c5 4. d5 d6 5. Nc3 Bxc3+ 6. bxc3 f5 7. exf5 Bxf5 8. Nf3 Nf6 9. Bd3 e5 10. dxe6 Bxe6 11. O-O O-O 12. Bh6 Re8 13. h3 Nbd7 14. Qd2 Ne5 15. Nxe5 dxe5 16. Rfe1 Qd6 17. Qc2 Bf7 18. Rad1 Qa6 19. Qb3 e4 20. Bf1 Re6 21. Be3 b6 22. Rd2 Rae8 23. Red1 Kg7 24. Qb5 Qc8 25.
Be2 h6 26. Qb1 g5 27. Qc1 Re5 28. Rd6 Qc7 29. h4 Nh7 30. Bg4 R8e7 31. Rd7 Qb8 32.
R1d6 Be8 33. Rxe7+ Rxe7 34. hxg5 Qxd6 35. gxh6+ Kg8 36.
Bf4 Qg6 37. Qd1 Nf6 38. Qd8 Kf7 39. Bd6 Ng8 40. Bxe7 Nxe7 41. Qd1 Qxh6 42. Bh5+ Kf8 43. Bxe8 Kxe8 44. Qg4 Qg6 45. Qf4 a5 46. Qb8+ Kf7 47. Qf4+ Kg7 48. Qe5+ Kf7 49. Qf4+ Kg8 50. Qc7 Qe6 51.
Qg3+ Kf7 52. Qf4+ Ke8 53. Qb8+ Kd7 54. Qb7+ Kd8 55. Qb8+ Nc8 56. Qf4 Qxc4 57. g4 Qxc3 58. Qxe4 Qd4 59. Qf5 Ne7 60. Qe6 c4 61. g5 c3 62. Qe2 Qd2 63. Kf1 Qxg5 64. Qd3+ Nd5 65. Ke2 Qe5+ 66. Kd1 Kc7 67. Qc4+ Kb7 68. a4 Nb4 69. Qf7+ Qc7 70. Qxc7+ Kxc7 71. Kc1 Kd6 72. Kd1 Ke5 73. Ke2 Kf4 0-1

[Event "*** Titled Tuesday Blitz"]
[Site "Chess.com"]
[Date "2019.06.04"]
[Round "1"]
[White "ChessWeebs"]
[Black "CookiesAndIceCream"]
[Result "1-0"]
[WhiteElo "2763"]
[BlackElo "2402"]
[TimeControl "180+2"]
[EndTime "13:10:53 PDT"]
[Termination "ChessWeebs won by resignation"]

1. Nf3 d5 2. g3 c6 3. Bg2 Nf6 4. O-O Bg4 5. d3 Nbd7 6. h3 Bh5 7.
Qe1 e5 8. e4 dxe4 9. dxe4 Bc5 10. b4 Bb6 11. Bb2 O-O 12. Nbd2 Re8 13. Nc4 Bc7 14.
a4 Qe7 15. Nh4 Rad8 16. Nf5 Qe6 17. Nce3 Nb6 18. Qc3 Nc8 19. Rfe1 Nd6 20. Nxd6 Bxd6 21. Nf5 Bb8 22. Qe3 Rd7 23. g4 Bg6 24. Bf3 Bxf5 25. gxf5 Qc4 26. Qc3 Qxc3 27. Bxc3 Red8 28. h4 Ne8 29. Be2 Nd6 30. f3 f6 31. Red1 Kf8 32. Kh2 Bc7 33. b5 cxb5 34. axb5 Bb6 35. Bb4 Ke8 36.
Rd5 Nf7 37. Bc4 Rxd5 38. Bxd5 Rd7 39. c4 Rc7 40. c5 Bxc5 41. Bxc5 Rxc5 42. Rxa7 Rxb5 43.
Bxb7 Rb2+ 44. Kg3 Nd6 45. Bc6+ Kf8 46. Bd5 Rb6 47. Ra8+ Ke7 48. Rh8 h6 49. Kg4 Rb1 50. Kh5 Rg1 51. Ra8 Ne8 52. Ra7+ Kd6 53. Be6 Rg3 54.
Rd7+ Kc6 55. Rd3 Nd6 56. Rc3+ Kb6 57. Bd5 Nb5 58. Rc6+ Ka5 59. f4 exf4 60. e5 fxe5 61. Re6 Re3 62. Kg6 f3 63. Kxg7 f2 64. Bc4 Nd4 65. Rf6 Kb4 66. Bf1 Re1 67. Ba6 Ka5 68.
Bc4 Kb4 69. Ba6 Ne2 70. Rb6+ Kc3 71. Rc6+ Kb4 72. f6 f1=Q 73. f7 Qg2+ 74. Rg6 Qxg6+ 75. Kxg6 Rf1 76. Bxe2 Rf2 77. Bg4 e4 78. Bf5 Rg2+ 79.
Kf6 e3 80. f8=Q+ Kc3 81. Qc5+ Kd2 82. Qd4+ Ke2 83. Bd3+ Kf2 84. Qf4+ Kg1 85. Qxe3+ Kh2 86. Qf4+ Rg3 87. Qxg3+ Kxg3 88. h5 Kg4 89. Kg6 Kf4 90.
Kxh6 Ke5 91. Kg7 Ke6 92. Bg6 Ke7 93. h6 1-0

[Event "*** Titled Tuesday Blitz"]
[Site "Chess.com"]
[Date "2019.06.04"]
[Round "1"]
[White "Semen_Khanin"]
[Black "Rumpel-VK"]
[Result "1/2-1/2"]
[WhiteElo "2702"]
[BlackElo "2409"]
[TimeControl "180+2"]
[EndTime "13:10:59 PDT"]
[Termination "Game drawn - insufficient material"]

1. e4 d6 2. d4 Nf6 3. Nc3 e5 4. Nf3 Nbd7 5. Bc4 Be7 6. a4 O-O 7. O-O c6 8. h3 Qc7 9. Re1 exd4 10. Nxd4 Ne5 11. Ba2 Re8 12. Bf4 Bd7 13. Qd2 Ng6 14. Bh2 Bf8 15. Rad1 a6 16. Nf3 Be6 17. Bxe6 Rxe6 18.
Ng5 Ree8 19. Bxd6 Bxd6 20. Qxd6 Qb6 21. Qd4 Qxb2 22. Rb1 Qxc2 23. Rec1 Rad8 24. Qc4 Qd3 25. Qxf7+ Kh8 26. Rxb7 Rd7 27. Rxd7 Qxd7 28. Qb3 h6 29. Rd1 Qe7 30. Nf7+ Kh7 31. Nd6 Rd8 32. Nf5 Rxd1+ 33. Qxd1 Qb4 34. Qc2 Qc4 35. Ne3 Qd4 36. Nf5 Qc4 37.
e5 Nd5 38. e6 Nxc3 39. Ne3 Ne2+ 40. Kf1 Qxc2 41. Nxc2 Nef4 42. Nd4 c5 43. g3 cxd4 44. gxf4 Ne7 45. Ke2 Kg6 46. Kd3 Kf5 47. Kxd4 Kxe6 48.
Kc5 Ng6 49. f5+ Kxf5 50. Kb6 Ke6 51. Kxa6 Kd7 52. Kb7 Ne5 53. a5 Nc6 54. a6 g5 55.
Kb6 Kd6 56. Kb7 h5 57. f3 h4 58. Kb6 Kd5 59. Kb7 Kc5 60. Kc7 Kb5 61. Kb7 Na5+ 62. Ka7 Kc6 63. Kb8 Kb6 64. Kc8 Nc4 65. Kd7 Ne5+ 66.
Ke6 Nxf3 67. Kf5 Kxa6 68. Kg4 Ng1 69. Kxg5 Nxh3+ 70. Kxh4 1/2-1/2

[Event "*** Titled Tuesday Blitz"]
[Site "Chess.com"]
[Date "2019.06.04"]
[Round "1"]
[White "LiamVrolijk"]
[Black "sergeikim"]
[Result "1/2-1/2"]
[WhiteElo "2746"]
[BlackElo "2406"]
[TimeControl "180+2"]
[EndTime "13:11:10 PDT"]
[Termination "Game drawn - insufficient material"]

1. Nf3 Nf6 2. c4 g6 3. Nc3 Bg7 4. d4 d6 5. g3 O-O 6. Bg2 Nbd7 7. O-O e5 8. e4 exd4 9. Nxd4 Re8 10. Re1 Nc5 11.
h3 c6 12. Bf4 Nh5 13. Be3 a5 14. b3 Qb6 15. Nde2 Qc7 16. Rc1 Nf6 17. Qc2 h6 18. Nd4 Nfd7 19. Rcd1 Ne5 20. f4 Ned7 21. Bf2 Nf8 22.
Nde2 b6 23. Qd2 Nb7 24. Kh2 Ne6 25. Na4 Nec5 26. Nec3 Be6 27. Nxc5 Nxc5 28. Ne2 Rad8 29. Nd4 Bc8 30. Qc2 Bb7 31. a3 Ra8 32. b4 axb4 33.
axb4 Ne6 34. Nf3 Ra3 35. Qd2 Bf8 36. f5 Nd8 37. Bd4 c5 38. Bb2 Ra2 39. Qc3 Rxb2 40. Qxb2 Nc6 41. bxc5 bxc5 42. e5 dxe5 43. fxg6 fxg6 44.
Nxe5 Bg7 45. Qb1 Rxe5 46. Qxg6 Nd4 47. Rxe5 Qxe5 48. Qd3 Bxg2 49. Kxg2 Qe2+ 50. Qxe2 Nxe2 51. Rd5 Bd4 52. Kf3 Nc3 53. Rd7 Nb1 54. Ke4 Nd2+ 55. Kd5 Nf3 56. h4 Ne5 57. Re7 Ng6 58. Rb7 h5 59. Ke4 Ne5 60. Kf5 Nxc4 61. Kg6 Ne5+ 62.
Kxh5 c4 63. Rc7 c3 64. g4 Nd3 65. Kg6 Kf8 66. Rf7+ Ke8 67. Rf1 c2 68. h5 c1=Q 69.
Rxc1 Nxc1 70. g5 Kf8 71. Kh7 Nd3 72. h6 Nf4 73. g6 Nxg6 74. Kxg6 Kg8 75. h7+ Kh8 76.
Kf7 Kxh7 1/2-1/2

[Event "*** Titled Tuesday Blitz"]
[Site "Chess.com"]
[Date "2019.06.04"]
[Round "1"]
[White "Fighterman91"]
[Black "FERNANDEZL1983"]
[Result "1-0"]
[WhiteElo "2776"]
[BlackElo "2416"]
[TimeControl "180+2"]
[EndTime "13:11:19 PDT"]
[Termination "Fighterman91 won by resignation"]

1. e4 c5 2. Nf3 Nc6 3. Bb5 g6 4. O-O Bg7 5. Nc3 Nf6 6. e5 Ng4 7. Bxc6 dxc6 8. Re1 O-O 9. d3 Nh6 10. Ne4 b6 11. h3 Nf5 12. c3 h6 13. Bf4 Be6 14. Qe2 Qd7 15. g4 Rad8 16. gxf5 Bxf5 17. h4 Qxd3 18. Ng3 Qxe2 19. Rxe2 Bg4 20. Re3 Rd5 21. Nh2 Be6 22. Rae1 Rfd8 23. Ngf1 c4 24. Nf3 c5 25. Bg3 b5 26. Re4 Rd3 27. R4e3 a5 28.
a3 b4 29. Bf4 bxa3 30. bxa3 Rb8 31. N1d2 Rb2 32. Ne4 Rd5 33. R1e2 Rb3 34. Ra2 Rb1+ 35. Kh2 Rdd1 36. Rae2 Bd5 37. Kg3 Rd3 38. Nfd2 Rg1+ 39. Kh2 Rg4 40. Bg3 h5 41. f3 Bh6 42. Ng5 Bxg5 43.
hxg5 Rxg5 44. Bh4 Rf5 45. Bxe7 Bxf3 46. Rxf3 Rfxf3 47. Nxf3 Rxf3 48. Rc2 Re3 49. Bf6 Kh7 50. a4 h4 51. Kg2 Kh6 52. Kf2 Rh3 53. Kg2 Rg3+ 54.
Kh1 g5 55. Rg2 Rxc3 56. Bxg5+ Kh5 57. Bf6 Rh3+ 58. Kg1 Rg3 59. Rxg3 hxg3 60. Bd8 Kg4 61. Bxa5 Kf5 62. Bc3 Ke4 63. a5 Kd3 64. a6 Kxc3 65. a7 Kd2 66. a8=Q c3 67. Qg2+ Kc1 68. Qf1+ Kb2 69. Qb5+ Kc1 70. Qxc5 c2 71. Kg2 Kd2 72. Qd4+ Ke2 73. Qc3 Kd1 74. Qd3+ Kc1 75. Kxg3 Kb2 76. Qd2 Kb1 77. Qb4+ Ka2 78. Qc3 Kb1 79. Qb3+ Kc1 80. Qxf7 Kb2 81. Qf2 Kc3 82. Qxc2+ Kxc2 83. e6 1-0

[Event "*** Titled Tuesday Blitz"]
[Site "Chess.com"]
[Date "2019.06.04"]
[Round "1"]
[White "wonderfultime"]
[Black "ehrenfeld"]
[Result "0-1"]
[WhiteElo "3014"]
[BlackElo "2516"]
[TimeControl "180+2"]
[EndTime "13:11:23 PDT"]
[Termination "ehrenfeld won by checkmate"]

1. d4 Nf6 2. Nf3 e6 3. Bf4 d5 4. e3 Bd6 5. Bg3 b6 6. Nbd2 O-O 7. Bd3 Ba6 8. O-O Bxd3 9. cxd3 c5 10. Rc1 Bxg3 11.
hxg3 Nbd7 12. Nb3 Qe7 13. Rc2 Rfc8 14. Qe2 Rc7 15. Rfc1 Rac8 16. e4 h6 17. Nbd2 Qd8 18. e5 Ne8 19. dxc5 bxc5 20. g4 Qe7 21. b3 Nb6 22. Nf1 Rc6 23. Ng3 Nc7 24. Nd4 Na6 25. Nxc6 Rxc6 26. a3 Nc7 27. Qe3 Nd7 28. b4 Nb5 29.
bxc5 Nxa3 30. Ra2 Nb5 31. d4 a6 32. Ne2 Nb8 33. Rb1 Rc8 34. Nc3 Nxc3 35. Qxc3 Qg5 36. f3 Qf4 37. Qd2 Qg3 38. Qf2 Qf4 39. Qd2 Qg3 40. Qd3 Qf4 41. Ra4 Nc6 42. Qxa6 Rc7 43.
Qd3 Rc8 44. Re1 Rb8 45. Qe3 Qg3 46. Qf2 Qf4 47. g3 Qg5 48. Ra2 Rb4 49. Rd2 h5 50. gxh5 Qxh5 51. f4 Qg4 52. Kg2 Rb3 53. Re3 Rb1 54.
Rc3 Qh5 55. Qe2 Qh1+ 56. Kf2 Qh2+ 57. Kf3 Qh5+ 58. Ke3 Qg6 59. Kf2 Qh7 60. Qf3 Qh2+ 61. Qg2 Qh7 62. Ra3 Qh5 63. Ra8+ Kh7 64. Rc8 Nxd4 65.
g4 Qh4+ 66. Ke3 Qe1+ 67. Kxd4 Rb4+ 68. Kd3 Rb3+ 69. Kd4 Rb4+ 70. Kc3 Rc4+ 71. Kd3 Qb1+ 72. Ke2 Re4+ 73. Kf2 Qe1+ 74. Kf3 Re3# 0-1

[Event "*** Titled Tuesday Blitz"]
[Site "Chess.com"]
[Date "2019.06.04"]
[Round "1"]
[White "enriquetejedor"]
[Black "Rhinos1"]
[Result "1-0"]
[WhiteElo "2533"]
[BlackElo "2098"]
[TimeControl "180+2"]
[EndTime "13:11:25 PDT"]
[Termination "enriquetejedor won on time"]

1. e4 e5 2. Nf3 Nc6 3. Bb5 a6 4. Ba4 d6 5. c3 Bd7 6. d4 Nge7 7.
O-O Ng6 8. d5 Nb8 9. c4 Be7 10.
Nc3 O-O 11. Bc2 Qc8 12. Be3 f5 13. exf5 Bxf5 14. Bxf5 Qxf5 15. Nd2 Nf4 16. g3 Nh3+ 17. Kg2 Ng5 18. h4 Qh3+ 19. Kg1 Nf7 20. Qf3 Nd7 21. Qg2 Qg4 22. f3 Qg6 23. Nde4 Nh6 24. Rae1 Nf5 25.
Kh2 Nf6 26. Ng5 Nh5 27. Nce4 Bxg5 28. Nxg5 h6 29. Ne4 Nf6 30. Bg1 Rf7 31. b3 Raf8 32. Rf2 Nd4 33. Nd2 Qd3 34. Nf1 Nxf3+ 35. Rxf3 Ng4+ 36.
Kh3 Rxf3 37. Nd2 Qf5 38. Qxf3 Nf2+ 39. Kg2 Qh3+ 40. Kxf2 Rxf3+ 41. Nxf3 Qf5 42. Kg2 Qc2+ 43. Bf2 Qxa2 44. Re3 a5 45. h5 c6 46. dxc6 bxc6 47.
Nh4 Qb2 48. Ng6 Kf7 49. Rf3+ Ke6 50. Nf8+ Ke7 51. Ng6+ Ke6 52. g4 e4 53. Rf8 e3 54.
Re8+ Kd7 55. Rxe3 d5 56. cxd5 cxd5 57. Rd3 Kd6 58. Nf4 Ke5 59. Nxd5 Ke4 60. Rd4+ Ke5 61. Ne3 Qxb3 62. Nc4+ Ke6 63. Nxa5 Qb7+ 64. Nxb7 Kf6 65. Rd5 g5 66. hxg6 Kxg6 67. Be3 h5 68. Bh6 hxg4 69. Kg3 Kxh6 70. Kxg4 1-0

[Event "*** Titled Tuesday Blitz"]
[Site "Chess.com"]
[Date "2019.06.04"]
[Round "1"]
[White "Everyfishknows"]
[Black "colemman"]
[Result "0-1"]
[WhiteElo "2243"]
[BlackElo "2604"]
[TimeControl "180+2"]
[EndTime "13:11:50 PDT"]
[Termination "colemman won by resignation"]

1. Nf3 d5 2. c4 c6 3. Qb3 Nf6 4. g3 Nbd7 5. Bg2 Nc5 6. Qc2 e6 7. O-O Be7 8. d3 O-O 9. b3 Re8 10. Bb2 b6 11. Nc3 Bb7 12. e4 dxe4 13. dxe4 Qc7 14.
Rad1 e5 15. Rfe1 a5 16. Nh4 Bf8 17. Nf5 Rad8 18. Rxd8 Rxd8 19. Rd1 Rxd1+ 20. Qxd1 Ne6 21. Bc1 Bb4 22. Bb2 Qd7 23. Qxd7 Nxd7 24. Nd1 g6 25.
Nfe3 Nd4 26. Kf1 Bc5 27. Bh3 Nf8 28. Nc3 Nfe6 29. Bxe6 Nxe6 30. Ke2 Bd4 31. Ncd1 Kf8 32. Nc2 Bxb2 33. Nxb2 Ke7 34. Nd1 Kd6 35. Kd3 f6 36. f3 b5 37. cxb5 cxb5 38. Nc3 Bc6 39. Ke3 f5 40. exf5 gxf5 41. a3 Nc7 42. b4 a4 43.
Ne1 Ne6 44. Nd3 h6 45. h4 Bd7 46. f4 e4 47. Ne5 Be8 48. Ne2 Kd5 49. Nc3+ Kd6 50.
Ne2 Nc7 51. Nd4 Nd5+ 52. Ke2 Ne7 53. Ke3 Kd5 54. Nc2 Bh5 55. Nd4 Be8 56. Nc2 Nc8 57. Nd4 Nd6 58. Nc2 Nc4+ 59. Nxc4 Kxc4 60. Nd4 Bd7 61. Nc2 Kb3 62. Kd2 Kb2 63. Kd1 Kc3 64. Kc1 Kd3 65. Kd1 Be8 66. Ne1+ Kc3 67. Nc2 Bh5+ 68. Kc1 Bg6 69. Ne3 Kb3 70. Kd2 Kxa3 71. Kc3 Ka2 72. h5 Bh7 73. Kc2 Ka3 74. Kc3 Ka2 75. Kc2 Bg8 76. Nxf5 Bb3+ 77. Kc3 Kb1 78. Nd4 Bc4 79. Nc2 e3 80. Na3+ Kc1 81. Nc2 e2 82. Ne1 a3 83. f5 a2 84. Nc2 a1=Q+ 85.
Nxa1 e1=Q+ 0-1